 Dungeon Crawl Stone Soup version 0.29-a0-362-g5854e031c7 (webtiles) character file.

Game seed: 10408151709540507829

22253 dracfodder the Cleaver (level 12, -1/115 HPs)
             Began as a Minotaur Berserker on Apr 30, 2022.
             Was a High Priest of Trog.
             Shot with an arrow by Nessos (11 damage)
             ... on level 12 of the Dungeon.
             The game lasted 00:46:42 (13513 turns).

dracfodder the Cleaver (Minotaur Berserker)        Turns: 13513, Time: 00:46:43

Health: -1/115     AC: 19    Str: 31    XL:     12   Next: 61%
Magic:  11/11      EV: 13    Int:  2    God:    Trog [*****.]
Gold:   767        SH:  0    Dex: 12    Spells: 11/11 levels left

rFire   + + .      SeeInvis .   a - +3 battleaxe (vorpal)
rCold   + + .      Faith    +   (shield currently unavailable)
rNeg    + + .      Spirit   .   z - +5 scale mail of Patterns {rF++ rN++ Int-4}
rPois   +          Reflect  .   (helmet restricted)
rElec   .          Harm     .   w - +0 cloak {rPois}
rCorr   .          Rampage  .   y - +0 pair of gloves of Uboaxe {Str+3}
Will    .....      NoCast   +   c - +1 pair of boots
Stlth   +.........              E - amulet "Nave" {Faith -Cast rC+ Str+3}
HPRegen 0.29/turn               K - ring of protection from cold
MPRegen 0.12/turn               (no ring)

@: on berserk cooldown, slowed, very slow
A: horns 2, retaliatory headbutt, agile 1
a: Renounce Religion, Berserk, Trog's Hand, Brothers in Arms


You were on level 12 of the Dungeon.
You worshipped Trog.
Trog was extremely pleased with you.
You visited 1 branch of the dungeon, and saw 12 of its levels.
You also visited: Sewer.

You collected 969 gold pieces.
You spent 202 gold pieces at shops.

Inventory:

Hand Weapons
 a - a +3 vorpal battleaxe (weapon)
 b - a +4 vorpal shortbow
 e - a +0 hand crossbow
 o - a +1 war axe of electrocution
 F - a +4 halberd
 I - a +3 hand axe of flaming
Missiles
 f - 20 boomerangs
 i - 25 poisoned darts
 n - 4 datura-tipped darts
 t - 9 curare-tipped darts
 J - 5 javelins
Armour
 c - a +1 pair of boots (worn)
 w - a +0 cloak of poison resistance (worn)
 y - the +0 pair of gloves of Uboaxe (worn) {Str+3}
   (You acquired it on level 4 of the Dungeon)

   Str:       It affects your strength (+3).
 z - the +5 scale mail of Patterns (worn) {rF++ rN++ Int-4}
   (You found it on level 4 of the Dungeon)

   Int:       It affects your intelligence (-4).
   rF:        It greatly protects you from fire.
   rN:        It greatly protects you from negative energy.
 B - +0 fire dragon scales
Jewellery
 C - an amulet of regeneration
 E - the amulet "Nave" (around neck) {Faith -Cast rC+ Str+3}
   (You found it on level 5 of the Dungeon)

   [amulet of faith]

   It allows you to gain divine favour quickly.
   Str:       It affects your strength (+3).
   rC:        It protects you from cold.
   -Cast:     It prevents spellcasting.
 K - a ring of protection from cold (left hand)
 L - a ring of fire
Wands
 p - a wand of paralysis (16) (quivered)
 H - a wand of acid (7)
 M - a wand of flame (13)
 N - a wand of iceblast (17)
Scrolls
 d - 4 scrolls of magic mapping
 l - 4 scrolls of teleportation
 m - 3 scrolls of identify
 q - 3 scrolls of blinking
 x - 2 scrolls of summoning
 A - 3 scrolls of fog
Potions
 g - 8 potions of curing
 h - 2 potions of might
 j - 4 potions of cancellation
 k - a potion of magic
 r - 4 potions of flight
 s - a potion of invisibility
 u - a potion of ambrosia
 v - 2 potions of heal wounds
 D - a potion of haste
 G - a potion of lignification


   Skills:
 * Level 13.4 Fighting
 + Level 14.7 Axes
 + Level 10.3 Armour
 + Level 6.4 Dodging
 + Level 2.5 Stealth
 * Level 10.1 Unarmed Combat
 + Level 0.3 Evocations


You had 11 spell levels left.
You didn't know any spells.
Your spell library was empty.

Dungeon Overview and Level Annotations

Branches:
Dungeon (12/15)            Temple (0/1) D:7            Lair (0/6) D:10
    Orc (0/2) D:12          Sewer (visited)

Altars:
Ashenzari
Makhleb
Okawaru
Qazlal
Trog
Uskayaw
Zin
The Shining One

Shops:
D:11 [   D:12 [

Annotations:
D:12 Nessos


Innate Abilities, Weirdness & Mutations

You have a pair of horns on your head.
You reflexively headbutt those who attack you in melee.
You are agile. (Dex +2)


Message History

You feel yourself slow down.
Nessos shoots an arrow.
The arrow hits you! The arrow burns you.
Nessos unwields a +3 longbow of flaming.
It stops flaming.
Nessos completely misses you. Nessos kicks you but does no damage.
Nessos hits you but does no damage. Nessos kicks you but does no damage.
Nessos misses you. You furiously retaliate!
You headbutt Nessos, but do no damage. Nessos kicks you but does no damage.
You slash Nessos!
Nessos is severely wounded.
Nessos hits you. Nessos closely misses you. Nessos hits you but does no damage.
Nessos misses you. Nessos barely misses you. Nessos misses you.
Nessos barely misses you. Nessos misses you.
You barely miss Nessos.
Nessos is severely wounded.
Nessos hits you but does no damage. Nessos misses you.
Nessos hits you but does no damage. Nessos kicks you but does no damage.
Nessos gestures wildly while chanting.
Nessos blinks!
Nessos mumbles some strange words.
Nessos blinks!
Nessos wields a +3 longbow of flaming.
It bursts into flame!
Nessos shoots an arrow.
The arrow hits you! The arrow burns you.
Nessos mumbles some strange words.
Nessos blinks!
Nessos intently looks at you, slowly moving their tail.
Nessos shoots an arrow.
The arrow closely misses you.
Nessos intently looks at you, slowly moving their tail.
Nessos shoots an arrow.
The arrow hits you!
* * * LOW HITPOINT WARNING * * *
The arrow burns you.
* * * LOW HITPOINT WARNING * * *
Nessos mumbles some strange words.
Nessos blinks!
Nessos shoots an arrow.
The arrow hits you!
* * * LOW HITPOINT WARNING * * *
The arrow burns you.
* * * LOW HITPOINT WARNING * * *
Nessos shoots an arrow.
The arrow barely misses you.
Nessos shoots an arrow.
The arrow hits you!
You die...

##.## #...#
###...####
#........########
##......#........#
..........######.#
#.......########.###
#.##...## #........#
....#### #.####@#.#
.8..... ##.#.#
....... #.###..#.#
....... #........#
.>....8 #####c####
....... #. .......
.. .8..... #..
....### ...


You could see Nessos (fast).

Vanquished Creatures
  Azrael (D:12)
  Fannar (D:11)
  3 hydras
  8 two-headed ogres
  Erica (D:11)
  2 centaur warriors
  Urug (D:11)
  Sonja (D:12)
  Lodul (D:12)
  A deep elf pyromancer (D:12)
  A cyclops (D:11)
  A manticore (D:11)
  Joseph (D:8)
  A troll (D:11)
  A hornet (D:6)
  Grinder (Sewer)
  4 shadows
  2 wraiths
  3 fire elementals (D:12)
  3 steam dragons
  11 yaks
  7 vampire mosquitoes
  An acid dragon (D:11)
  4 hell hounds (D:12)
  A water moccasin (D:7)
  6 orc warriors
  4 black bears
  2 ogres (D:12)
  6 centaurs
  A phantom (D:5)
  2 bullfrogs
  3 kobold brigands
  2 scorpions
  A necrophage (D:8)
  4 wights (D:7)
  14 killer bees
  3 howler monkeys (D:10)
  A quasit (Sewer)
  4 hounds
  8 orc priests
  13 orc wizards
  3 iguanas
  4 gnolls
  8 adders
  3 shadow imps
  A white imp (D:6)
  4 ufetubi
  An adder zombie (Sewer)
  5 worms
  5 dart slugs
  64 orcs
  8 bats
  6 endoplasms
  8 giant cockroaches
  5 goblins
  6 hobgoblins
  4 quokkas
  6 ball pythons
  A frilled lizard (D:2)
  2 goblin skeletons (D:6)
  2 goblin zombies (D:6)
  A hobgoblin zombie (D:6)
  23 kobolds
  4 kobold skeletons (D:6)
  2 kobold zombies
  5 rats
317 creatures vanquished.

Vanquished Creatures (others)
  3 orcs
3 creatures vanquished.

Grand Total: 320 creatures vanquished

Notes
Turn   | Place    | Note
-------+----------+-------------------------------------------
     0 | D:1      | dracfodder the Minotaur Berserker began the quest for the
                  | Orb.
     0 | D:1      | Reached XP level 1. HP: 19/19 MP: 0/0
   439 | D:1      | Reached XP level 2. HP: 27/27 MP: 1/1
   987 | D:2      | Found a faded altar of an unknown god.
   988 | D:2      | Reached skill level 4 in Axes
   988 | D:2      | Reached skill level 1 in Unarmed Combat
  1026 | D:2      | Identified the +0 leather armour of Tenacity {-Tele rC-
                  | Int+2 Dex+7}
  1051 | D:2      | Reached XP level 3. HP: 32/33 MP: 2/2
  1698 | D:2      | Reached XP level 4. HP: 41/41 MP: 3/3
  2123 | D:2      | Reached ** piety under Trog
  2245 | D:3      | Reached XP level 5. HP: 38/47 MP: 4/4
  2251 | D:3      | Reached skill level 5 in Fighting
  2513 | D:3      | Found a stormy altar of Qazlal.
  2869 | D:3      | Found a glowing drain.
  2878 | Sewer    | Entered a sewer
  2909 | Sewer    | Reached skill level 5 in Axes
  3021 | Sewer    | Found a burning altar of Makhleb.
  3036 | Sewer    | Reached *** piety under Trog
  3037 | Sewer    | Reached XP level 6. HP: 45/56 MP: 5/5
  3049 | Sewer    | Noticed Grinder
  3057 | Sewer    | Paralysed by Grinder for 2 turns
  3061 | Sewer    | Killed Grinder
  3352 | Sewer    | Reached XP level 7. HP: 62/62 MP: 6/6
  3396 | Sewer    | Reached skill level 6 in Axes
  3939 | D:4      | Identified a scroll of acquirement
  3939 | D:4      | Acquired the +0 pair of gloves of Uboaxe {Str+3}
  4181 | D:4      | Found a broken altar of Ashenzari.
  4263 | D:4      | Identified the +5 scale mail of Patterns {rF++ rN++ Int-4}
  4712 | D:4      | Reached skill level 1 in Stealth
  4824 | D:5      | Entered Level 5 of the Dungeon
  5061 | D:5      | Noticed a +0 hand axe
  5065 | D:5      | Noticed a +0 hand axe
  5076 | D:5      | Found a hide-covered altar of Uskayaw.
  5195 | D:5      | Identified the amulet "Nave" {Faith -Cast rC+ Str+3}
  5639 | D:6      | Reached XP level 8. HP: 71/71 MP: 7/7
  5651 | D:6      | Gained mutation: You expend magic power (3 MP) to
                  | strengthen your wands. [potion of mutation]
  5652 | D:6      | Lost mutation: You expend magic power (3 MP) to strengthen
                  | your wands. [potion of mutation]
  5652 | D:6      | Gained mutation: You have a pair of large horns on your
                  | head. [potion of mutation]
  5653 | D:6      | Lost mutation: You have a pair of large horns on your head.
                  | [potion of mutation]
  5653 | D:6      | Gained mutation: You are clumsy. (Dex -2) [potion of
                  | mutation]
  5653 | D:6      | Lost mutation: You are clumsy. (Dex -2) [potion of
                  | mutation]
  5653 | D:6      | Gained mutation: You are agile. (Dex +2) [potion of
                  | mutation]
  5706 | D:6      | Found a glowing golden altar of the Shining One.
  5713 | D:6      | Reached **** piety under Trog
  5803 | D:6      | Noticed a hornet
  5822 | D:6      | Reached skill level 7 in Axes
  5833 | D:6      | Reached skill level 5 in Armour
  5835 | D:6      | Killed a hornet
  5842 | D:6      | Reached skill level 5 in Unarmed Combat
  5863 | D:6      | Reached skill level 8 in Axes
  6540 | D:7      | Reached XP level 9. HP: 64/80 MP: 8/8
  6894 | D:7      | Found a staircase to the Ecumenical Temple.
  6999 | D:7      | Reached skill level 5 in Dodging
  7560 | D:7      | Identified the +0 robe of Kicusuom {-Tele Str+5 Archmagi}
  7587 | D:7      | Found a glowing silver altar of Zin.
  7587 | D:7      | Found a burning altar of Makhleb.
  7588 | D:7      | Noticed a blizzard demon
  7588 | D:7      | Noticed an angel
  7637 | D:7      | Found an iron altar of Okawaru.
  8005 | D:8      | Reached ***** piety under Trog
  8034 | D:8      | Reached skill level 9 in Axes
  8287 | D:8      | Found a bloodstained altar of Trog.
  8509 | D:8      | Noticed Joseph
  8522 | D:8      | Killed Joseph
  8523 | D:8      | Reached XP level 10. HP: 91/91 MP: 9/9
  8962 | D:9      | Reached skill level 10 in Axes
  8964 | D:9      | Received a gift from Trog
  9433 | D:9      | Reached skill level 10 in Fighting
  9726 | D:10     | Entered Level 10 of the Dungeon
  9993 | D:10     | Found a staircase to the Lair.
 10150 | D:10     | Noticed a centaur warrior
 10163 | D:10     | Killed a centaur warrior
 10164 | D:10     | Reached skill level 11 in Axes
 10576 | D:11     | Noticed a cyclops
 10625 | D:11     | Noticed a four-headed hydra
 10625 | D:11     | Noticed a five-headed hydra
 10633 | D:10     | Killed a two-headed hydra
 10880 | D:11     | Killed a one-headed hydra
 10881 | D:11     | Reached XP level 11. HP: 89/102 MP: 10/10
 10964 | D:11     | Noticed Urug
 10973 | D:11     | Killed Urug
 11179 | D:11     | Reached skill level 12 in Axes
 11623 | D:11     | Noticed a two-headed ogre
 11624 | D:11     | Noticed Erica
 11626 | D:11     | Killed Erica
 11632 | D:11     | Killed a two-headed ogre
 11882 | D:11     | Found Imomuig's Antique Armour Shoppe.
 11883 | D:11     | Noticed Fannar
 11909 | D:11     | Killed Fannar
 12111 | D:11     | Bought a runed cloak for 202 gold pieces
 12253 | D:12     | Noticed a two-headed ogre
 12253 | D:12     | Noticed a two-headed ogre
 12258 | D:12     | Noticed a two-headed ogre
 12259 | D:12     | Killed a two-headed ogre
 12260 | D:12     | Reached skill level 13 in Axes
 12261 | D:12     | Noticed a two-headed ogre
 12264 | D:12     | Killed a two-headed ogre
 12265 | D:12     | Noticed a two-headed ogre
 12266 | D:12     | Killed a two-headed ogre
 12267 | D:12     | Noticed a two-headed ogre
 12270 | D:12     | Killed a two-headed ogre
 12271 | D:12     | Reached XP level 12. HP: 24/113 MP: 11/11
 12271 | D:12     | Killed a two-headed ogre
 12271 | D:12     | Noticed Lodul
 12273 | D:12     | Killed a two-headed ogre
 12277 | D:12     | Noticed Sonja
 12280 | D:12     | Killed Lodul
 12283 | D:12     | Killed Sonja
 12284 | D:12     | HP: 5/113 [poisoned by Sonja]
 12717 | D:12     | Noticed a two-headed ogre
 12723 | D:12     | Killed a two-headed ogre
 12724 | D:12     | Reached skill level 10 in Armour
 12936 | D:12     | Noticed Azrael
 12942 | D:12     | Received a gift from Trog
 12951 | D:12     | Reached skill level 14 in Axes
 12964 | D:12     | Killed Azrael
 12965 | D:12     | Noticed a seven-headed hydra
 12974 | D:12     | Killed a seven-headed hydra
 13219 | D:12     | Found a staircase to the Orcish Mines.
 13295 | D:12     | Found Xinot's Armour Shoppe.
 13309 | D:12     | Noticed a centaur warrior
 13314 | D:12     | Killed a centaur warrior
 13315 | D:12     | Reached skill level 10 in Unarmed Combat
 13495 | D:12     | Noticed Nessos
 13513 | D:12     | Shot with an arrow by Nessos

Illustrated notes

Levels and vault maps discovered:
D:1:      minmay_arrival_stone_box, layout_basic,
          amcnicky_mini_rare_corridor_liquid, chequers_big_river
D:2:      layout_basic, ebering_ecumenical_altar_abandoned, minmay_tall_x
D:3:      layout_basic, nicolae_overflow_hidden_temple, portal_sewer_entry_d
D:4:      black_bear_nest_2, layout_gridville, ashenzari_altar_1
D:5:      layout_loops_corners, dancing_weapons_uskayaw
D:6:      layout_rooms, nicolae_tso_besieged_by_evil
D:7:      layout_basic, grunt_temple_overflow_order_and_chaos_2,
          mainiacjoe_overflow_cross_hatched, minmay_temple_entry_wispy
D:8:      layout_rooms, trog_book, uniq_joseph
D:9:      layout_irregular_city
D:10:     layout_roguey, lair_entry_dummy
D:11:     layout_roguey, serial_shops, nicolae_shop_window_shopping, uniq_urug,
          uniq_erica, uniq_fannar
D:12:     layout_loops_corners, david_orc_2, serial_shops, kennysheep_mini_moat,
          uniq_azrael, uniq_lodul, uniq_sonja, uniq_nessos

Skill      XL: |  1  2  3  4  5  6  7  8  9 10 11 12 |
---------------+-------------------------------------+-----
Fighting       | 4 5 6 7 9 11 12 13 | 13.4
Axes           | 4 5 6 8 9 11 13 14 | 14.7
Unarmed Combat | 1 2 3 4 5 6 8 9 10 | 10.1
Dodging        | 3 4 5 6 |  6.4
Armour         | 3 4 6 7 8 9 10 | 10.3
Stealth        | 1 2 |  2.5
Evocations     | |  0.3

Action                   |  1- 3 |  4- 6 |  7- 9 | 10-12 || total
-------------------------+-------+-------+-------+-------++-------
Melee: Hand axe          |    61 |   125 |   159 |    11 ||   356
       Headbutt          |     9 |    27 |    38 |    61 ||   135
       Punch             |       |     3 |     6 |     1 ||    10
       War axe           |       |       |   122 |    22 ||   144
       Battleaxe         |       |       |       |   233 ||   233
Invok: Berserk           |     2 |     1 |     5 |     6 ||    14
       Trog's Hand       |       |       |     3 |     2 ||     5
Evoke: Wand              |       |       |     1 |     3 ||     4
  Use: Scroll            |     7 |     5 |    12 |     5 ||    29
       Potion            |     1 |       |     6 |     2 ||     9
 Stab: Paralysed         |       |       |     1 |       ||     1
Armor: Animal skin       |    18 |     2 |       |       ||    20
       Ring mail         |       |    47 |    24 |       ||    71
       Fire dragon scale |       |       |    57 |       ||    57
       Scale mail        |       |       |    63 |   161 ||   224
Dodge: Dodged            |    66 |    85 |   206 |   192 ||   549

Table legend: (Time is in decaauts)
 A = Elapsed time spent in this place.
 B = Non-inter-level travel time spent in this place.
 C = Inter-level travel time spent in this place.
 D = Time resting spent in this place.
 E = Time spent auto-exploring this place.
 F = Levels seen in this place.
 G = Mean time per level.
                   A        B        C        D        E       F      G
               +--------+--------+--------+--------+--------+-----+--------+
         Total |  13719 |  13334 |    385 |   3674 |   7454 |  13 | 1055.3 |
       Dungeon |  12865 |  12480 |    385 |   3416 |   7167 |  12 | 1072.1 |
         Sewer |    854 |    854 |      0 |    257 |    286 |   1 |  854.0 |
               +--------+--------+--------+--------+--------+-----+--------+

Top non-repeatable levels by time:
     D:7: 1564 daAuts
     D:1: 1397 daAuts
    D:11: 1387 daAuts
    D:12: 1321 daAuts
    D:10: 1155 daAuts
     D:4: 1031 daAuts
     D:8: 916 daAuts
     D:9: 905 daAuts
   Sewer: 854 daAuts
     D:2: 831 daAuts
     D:5: 806 daAuts
     D:3: 785 daAuts
     D:6: 763 daAuts
